 Dungeon Crawl Stone Soup version 0.21.1-1-g345015fe64 (webtiles) character file.

102 Ivernyr the Charmwright (level 4, 31/34 HPs)
             Began as a Demonspawn Skald on Apr 26, 2018.
             Quit the game on level 3 of the Dungeon.
             The game lasted 00:05:43 (2760 turns).

Ivernyr the Charmwright (Demonspawn Skald)          Turns: 2760, Time: 00:05:44

Health: 31/34      AC:  8    Str: 11    XL:     4   Next: 50%
Magic:  7/7        EV: 12    Int: 15    God:
Gold:   113        SH:  0    Dex: 13    Spells: 2/7 levels left

rFire    . . .     SeeInvis .   a - +0 falchion
rCold    + . .     Gourm    .   (no shield)
rNeg     . . .     Faith    .   u - +2 leather armour {rC+}
rPois    .         Spirit   .   (helmet restricted)
rElec    .         Reflect  .   (no cloak)
rCorr    .         Harm     .   t - +0 pair of gloves
MR       .....                  (no boots)
Stlth    ..........             (no amulet)
HPRegen  0.11/turn              f - ring of loudness (curse)
MPRegen  0.10/turn              (no ring)

@: about to teleport
A: horns 1, icy blue scales 1
a: no special abilities


You were on level 3 of the Dungeon.
You were hungry.

You visited 1 branch of the dungeon, and saw 3 of its levels.

You collected 113 gold pieces.

Inventory:

Hand Weapons
 a - a +0 falchion (weapon)
Armour
 t - a +0 pair of gloves (worn)
 u - a +2 leather armour of cold resistance (worn)
Jewellery
 f - a cursed ring of loudness (left hand)
Scrolls
 e - 3 scrolls of identify {unknown}
 g - a scroll of teleportation
 h - 2 scrolls of blinking {unknown}
 j - a scroll of enchant weapon {unknown}
 l - 2 scrolls of immolation {unknown}
 r - a scroll of fog {unknown}
 s - 2 scrolls of remove curse {unknown}
Potions
 i - 3 potions of invisibility {unknown}
 k - a potion of ambrosia {unknown}
 m - 2 potions of lignification {unknown}
 n - 2 potions of heal wounds {unknown}
 o - a potion of haste {unknown}
 p - a potion of brilliance {unknown}
 q - a potion of mutation {unknown}
Books
 c - a book of Battle

   Spells                             Type                      Level
   a - Infusion                       Charms                       1
   b - Shroud of Golubria             Charms/Translocation         2
   c - Song of Slaying                Charms                       2
   d - Spectral Weapon                Hexes/Charms                 3
   e - Regeneration                   Charms/Necromancy            3
Comestibles
 d - 8 rations


   Skills:
 + Level 2.7 Fighting
 + Level 2.5 Long Blades
 * Level 2.5 Armour
 - Level 1.7 Dodging
 - Level 2.0 Spellcasting
 + Level 3.1 Charms


You had 2 spell levels left.
You knew the following spells:

 Your Spells              Type           Power        Failure   Level  Hunger
a - Shroud of Golubria    Chrm/Tloc      #.........   22%         2    ###....
b - Song of Slaying       Chrm           ##......     12%         2    ###....
c - Infusion              Chrm           ##..         8%          1    #......


Dungeon Overview and Level Annotations

Branches:
Dungeon (3/15)

Altars:
Sif Muna


Innate Abilities, Weirdness & Mutations

You have a pair of small horns on your head.
You are partially covered in icy blue scales. (AC +2)


Message History

You finish putting on your +0 pair of gloves.
Wear which item? (? for menu, Esc to quit)
You start removing your armour.
You continue taking off your +0 leather armour. x4
You finish taking off your +0 leather armour.
You start putting on your armour.
You continue putting on your dyed leather armour. x5
You finish putting on your +2 leather armour of cold resistance.
You feel resistant to cold.
Firing (i - inventory): No suitable missiles.
Press: ? - help, Shift-Dir - straight line, f - you
Okay, then.
Drop what? 21/52 slots (_ for help) (? for menu, Esc to quit)
You drop a +0 leather armour.
Put on which piece of jewellery? (? for menu, Esc to quit)
Oops, that ring feels deathly cold.
f - a cursed ring of loudness (left hand)
As you read the scroll labeled VUKULU ASEANE, it crumbles to dust.
You feel strangely unstable.
It was a scroll of teleportation.
Are you sure you want to abandon this character and quit the game? (Confirm with "yes".)

#.............#
###...........#
+####...........#
................#####
..........<.........#
................P...#
..............####..#
..............[..#..#
########......#.@#..#
.......#......####..#
.......+.#......P...#
.......#.#.#........#
.......#...........##
.......'..........##
.......#..........#
.......#..........#
.......#..........#


There were no monsters in sight!

Vanquished Creatures
  4 adders (D:2)
  2 worms
  A dart slug (D:1)
  2 leopard geckos
  An orc (D:3)
  3 bats (D:1)
  3 giant cockroaches
  7 goblins
  7 hobgoblins
  5 jackals
  A quokka (D:3)
  3 frilled lizards
  12 kobolds
  5 rats
56 creatures vanquished.

Notes
Turn   | Place    | Note
-------+----------+-------------------------------------------
     0 | D:1      | Ivernyr the Demonspawn Skald began the quest for the Orb.
     0 | D:1      | Reached XP level 1. HP: 16/16 MP: 3/3
     3 | D:1      | Reached skill level 1 in Armour
    91 | D:1      | Gained mutation: You have a pair of small horns on your head. [demonic ancestry]
    91 | D:1      | Reached XP level 2. HP: 21/22 MP: 5/5
   199 | D:1      | Learned a level 2 spell: Song of Slaying
   202 | D:1      | Learned a level 2 spell: Shroud of Golubria
   984 | D:2      | Reached skill level 3 in Charms
   984 | D:2      | Gained mutation: You are partially covered in icy blue scales. (AC +2) [demonic ancestry]
   984 | D:2      | Reached XP level 3. HP: 23/28 MP: 3/6
  1665 | D:2      | Reached XP level 4. HP: 20/34 MP: 7/7
  2067 | D:2      | Found a faded altar of an unknown god.
  2104 | D:2      | Found a deep blue altar of Sif Muna.
  2760 | D:3      | Quit the game

Skill      XL: |  1  2  3 |
---------------+----------+-----
Armour         | 1 2 |  2.5
Long Blades    | 2 |  2.5
Charms         | 3 |  3.1
Fighting       | |  2.7
Dodging        | |  1.7
Spellcasting   | |  2.0

Action                   |  1- 3 |  4- 6 || total
-------------------------+-------+-------++-------
Melee: Falchion          |   131 |    58 ||   189
       Headbutt          |    25 |     9 ||    34
 Cast: Shroud of Golubri |     4 |     2 ||     6
  Use: Scroll            |       |     1 ||     1
  Eat: Chunk             |     3 |     3 ||     6
Armor: Leather armour    |    52 |    17 ||    69
Dodge: Dodged            |   123 |    34 ||   157
       Rpst.: Falchion   |    37 |    11 ||    48
